 Dungeon Crawl Stone Soup version 0.21.0-3-g78d12a8 (webtiles) character file.

95 Megalobster the Charmwright (level 4, 0/38 HPs)
             Began as a Gnoll Skald on Jan 15, 2018.
             Slain by a gnoll
             ... wielding a +0 whip
              (8 damage)
             ... on level 2 of the Dungeon.
             The game lasted 00:03:49 (1461 turns).

Megalobster the Charmwright (Gnoll Skald)           Turns: 1461, Time: 00:03:50

Health: 0/38       AC:  7    Str: 15    XL:     4   Next: 65%
Magic:  2/11       EV: 11    Int: 15    God:
Gold:   63         SH:  0    Dex: 14    Spells: 8/13 levels left

rFire    . . .     SeeInvis .   a - +0 falchion
rCold    . . .     Gourm    .   (no shield)
rNeg     . . .     Faith    .   h - +0 scale mail
rPois    .         Spirit   .   (no helmet)
rElec    .         Reflect  .   (no cloak)
rCorr    .         Harm     .   p - +0 pair of gloves
MR       +....                  (no boots)
Stlth    ..........             (no amulet)
HPRegen  0.12/turn              g - ring of protection from magic
MPRegen  0.12/turn              (no ring)

@: infused (expiring)
A: distributed training, fangs 1, strong nose
a: no special abilities


You were on level 2 of the Dungeon.
You were not hungry.

You visited 1 branch of the dungeon, and saw 2 of its levels.

You collected 63 gold pieces.

Inventory:

Hand Weapons
 a - a +0 falchion (weapon)
Missiles
 i - 34 stones (quivered)
 j - 24 sling bullets
Armour
 b - a +0 leather armour
 h - a +0 scale mail (worn)
 p - a +0 pair of gloves (worn)
Jewellery
 g - a ring of protection from magic (left hand)
Wands
 n - a wand of flame (28)
 o - a wand of polymorph (4)
Scrolls
 k - 2 scrolls of blinking {unknown}
 l - a scroll of magic mapping {unknown}
Potions
 e - 4 potions of curing {unknown}
 m - a potion of brilliance {unknown}
Books
 c - a book of Battle

   Spells                             Type                      Level
   a - Infusion                       Charms                       1
   b - Shroud of Golubria             Charms/Translocation         2
   c - Song of Slaying                Charms                       2
   d - Spectral Weapon                Hexes/Charms                 3
   e - Regeneration                   Charms/Necromancy            3
Comestibles
 d - 2 rations


   Skills:
 + Level 4.6 Fighting
 + Level 1.2 Short Blades
 + Level 4.6 Long Blades
 + Level 1.2 Axes
 + Level 1.2 Maces & Flails
 + Level 1.2 Polearms
 + Level 1.2 Staves
 + Level 1.2 Slings
 + Level 1.2 Bows
 + Level 1.2 Crossbows
 + Level 1.2 Throwing
 + Level 2.8 Armour
 + Level 4.6 Dodging
 + Level 1.2 Stealth
 + Level 1.2 Shields
 + Level 1.2 Unarmed Combat
 + Level 5.1 Spellcasting
 + Level 1.0 Conjurations
 + Level 1.0 Hexes
 + Level 5.5 Charms
 + Level 1.0 Summonings
 + Level 1.0 Necromancy
 + Level 1.0 Translocations
 + Level 1.0 Transmutations
 + Level 1.0 Fire Magic
 + Level 1.0 Ice Magic
 + Level 1.0 Air Magic
 + Level 1.0 Earth Magic
 + Level 1.0 Poison Magic
 + Level 1.3 Invocations
 + Level 1.2 Evocations


You had 8 spell levels left.
You knew the following spells:

 Your Spells              Type           Power        Failure   Level  Hunger
a - Infusion              Chrm           ###.         6%          1    None
b - Song of Slaying       Chrm           ###.....     10%         2    ##.....
c - Shroud of Golubria    Chrm/Tloc      ##........   24%         2    ##.....


Dungeon Overview and Level Annotations

Branches:
Dungeon (2/15)

Altars:


Innate Abilities, Weirdness & Mutations

Your experience applies equally to all skills.
You have very sharp teeth.
Your uncanny sense of smell can sniff out nearby items.


Message History

Unknown command.
Unknown command.
Unknown command.
You closely miss the jackal. The jackal barely misses you.
You hit the jackal!
You kill the jackal!
You now have 3/11 mp.
You closely miss the gnoll. You bite the gnoll, but do no damage.
The gnoll hits you but does no damage.
You closely miss the gnoll.
Your magical infusion is running out.
The gnoll hits you but does no damage.
You slash the gnoll! Your bite misses the gnoll.
The gnoll is severely wounded.
The gnoll hits you but does no damage.
You now have 2/11 mp.
You completely miss the gnoll.
The gnoll is severely wounded.
The gnoll hits you but does no damage. The gnoll hits you with a whip!
You die...

#................
#......##.#......
#......##gh......
#.....g..#.......
#####)##..h.g.... ##
#h###.>...... .## #(###!.......
..###################.#)..g......
................@gh.....#........
..##########.#######...####...###
#...###### #.# ##...###.<.#
###......##### ##........#
#.......... .........# #......##
....##...... #......#####
.#.###...#.. ####...##..## #.#
#..#### ###......## #.........


You could see a gnoll and a jackal.

Vanquished Creatures
  Jessica (D:2)
  An adder (D:2)
  2 gnolls (D:2)
  An ooze (D:1)
  A dart slug (D:1)
  2 ball pythons (D:1)
  4 giant cockroaches (D:1)
  3 goblins (D:1)
  A hobgoblin (D:1)
  2 jackals (D:2)
  4 kobolds
  5 bats
  9 rats
36 creatures vanquished.

Notes
Turn   | Place    | Note
-------+----------+-------------------------------------------
     0 | D:1      | Megalobster the Gnoll Skald began the quest for the Orb.
     0 | D:1      | Reached XP level 1. HP: 20/20 MP: 6/6
   104 | D:1      | Reached XP level 2. HP: 17/26 MP: 7/7
   216 | D:1      | Learned a level 2 spell: Song of Slaying
   219 | D:1      | Learned a level 2 spell: Shroud of Golubria
   587 | D:1      | Reached XP level 3. HP: 31/31 MP: 9/9
   608 | D:1      | Reached skill level 5 in Spellcasting
  1002 | D:2      | Noticed Jessica
  1037 | D:2      | Killed Jessica
  1037 | D:2      | Reached skill level 1 in Short Blades
  1037 | D:2      | Reached skill level 1 in Axes
  1037 | D:2      | Reached skill level 1 in Maces & Flails
  1037 | D:2      | Reached skill level 1 in Polearms
  1037 | D:2      | Reached skill level 1 in Staves
  1037 | D:2      | Reached skill level 1 in Slings
  1037 | D:2      | Reached skill level 1 in Bows
  1037 | D:2      | Reached skill level 1 in Crossbows
  1037 | D:2      | Reached skill level 1 in Throwing
  1037 | D:2      | Reached skill level 1 in Stealth
  1037 | D:2      | Reached skill level 1 in Shields
  1037 | D:2      | Reached skill level 1 in Unarmed Combat
  1037 | D:2      | Reached skill level 1 in Invocations
  1037 | D:2      | Reached skill level 1 in Evocations
  1037 | D:2      | Reached XP level 4. HP: 23/38 MP: 7/11
  1455 | D:2      | Reached skill level 1 in Conjurations
  1455 | D:2      | Reached skill level 1 in Hexes
  1455 | D:2      | Reached skill level 1 in Summonings
  1455 | D:2      | Reached skill level 1 in Necromancy
  1455 | D:2      | Reached skill level 1 in Translocations
  1455 | D:2      | Reached skill level 1 in Transmutations
  1455 | D:2      | Reached skill level 1 in Fire Magic
  1455 | D:2      | Reached skill level 1 in Ice Magic
  1455 | D:2      | Reached skill level 1 in Air Magic
  1455 | D:2      | Reached skill level 1 in Earth Magic
  1455 | D:2      | Reached skill level 1 in Poison Magic
  1461 | D:2      | Slain by a gnoll

Skill      XL: |  1  2  3  4 |
---------------+-------------+-----
Spellcasting   | 5 |  5.1
Short Blades   | 1 |  1.2
Axes           | 1 |  1.2
Maces & Flails | 1 |  1.2
Polearms       | 1 |  1.2
Staves         | 1 |  1.2
Slings         | 1 |  1.2
Bows           | 1 |  1.2
Crossbows      | 1 |  1.2
Throwing       | 1 |  1.2
Stealth        | 1 |  1.2
Shields        | 1 |  1.2
Unarmed Combat | 1 |  1.2
Invocations    | 1 |  1.3
Evocations     | 1 |  1.2
Conjurations   | 1 |  1.0
Hexes          | 1 |  1.0
Summonings     | 1 |  1.0
Necromancy     | 1 |  1.0
Translocations | 1 |  1.0
Transmutations | 1 |  1.0
Fire Magic     | 1 |  1.0
Ice Magic      | 1 |  1.0
Air Magic      | 1 |  1.0
Earth Magic    | 1 |  1.0
Poison Magic   | 1 |  1.0
Fighting       | |  4.6
Long Blades    | |  4.6
Armour         | |  2.8
Dodging        | |  4.6
Charms         | |  5.5

Action                   |  1- 3 |  4- 6 || total
-------------------------+-------+-------++-------
Melee: Falchion          |    64 |    34 ||    98
       Bite              |     6 |     3 ||     9
       Unarmed           |     2 |       ||     2
 Cast: Infusion          |     1 |     1 ||     2
 Stab: Confused          |     1 |       ||     1
       Sleeping          |       |     1 ||     1
  Eat: Chunk             |       |     2 ||     2
Armor: Leather armour    |    14 |       ||    14
       Scale mail        |       |     7 ||     7
Dodge: Dodged            |    54 |    21 ||    75
       Rpst.: Falchion   |     9 |     6 ||    15
